MLB
NEW YORK YANKEES @ HOUSTON ASTROS
06/10/2030
 
TOP OF THE 1ST
New York Yankees batting - Pitching for Houston Astros : RHP Carlos Hernandez
Pitching: RHP Carlos Hernandez
Batting: RHB Noelvi Marte 0-0: Ball
1-0: Foul Ball, location: 3DF
1-1: Foul Ball, location: 3F
1-2: SINGLE (Groundball, 34D, EV 98.1 MPH)
Batting: RHB Spencer Torkelson 0-0: Ball
Noelvi Marte is caught stealing 2nd base 2-4
1-0: Foul Ball, location: 9LDF
1-1: Foul Ball, location: 2F
1-2: SINGLE (Groundball, 34S, EV 75.6 MPH) (infield hit)
Batting: LHB Juan Contreras 0-0: Ball
1-0: Foul Ball, location: 5DF
1-1: Called Strike
1-2: Foul Ball, location: 25FF
1-2: Ball
2-2: Ball
3-2: Foul Ball, location: 2F
3-2: Base on Balls
Spencer Torkelson to second
Batting: RHB Curt Pugh 0-0: Ball
1-0: Called Strike
1-1: Called Strike
1-2: Strikes out swinging
Batting: SHB Eric Bair 0-0: Called Strike
0-1: Fly out, F7 (Flyball, 7LD, EV 88.8 MPH)
Top of the 1st over - 0 runs, 2 hits, 0 errors, 2 left on base; New York 0 - Houston 0
BOTTOM OF THE 1ST
Houston Astros batting - Pitching for New York Yankees : RHP Bryce Jarvis
Pitching: RHP Bryce Jarvis
Batting: SHB Sergio Herrera 0-0: Ball
1-0: SINGLE (Groundball, 4S, EV 74.4 MPH) (infield hit)
Batting: SHB Willi Castro 0-0: Called Strike
0-1: Ball
1-1: Fly out, F8 (Line Drive, 89M, EV 101.9 MPH)
Batting: LHB Nate Mattero 0-0: SINGLE (Line Drive, 3D, EV 93.8 MPH)
Sergio Herrera to second
Batting: RHB Alex Bregman 0-0: Swinging Strike
0-1: Swinging Strike
0-2: Ball
1-2: Ball
2-2: Strikes out swinging
Batting: LHB Alex Gutierrez 0-0: Ball
1-0: Called Strike
1-1: Swinging Strike
1-2: Ball
2-2: SINGLE (Line Drive, 7S, EV 95.0 MPH)
Sergio Herrera to third
Nate Mattero to second
Runner from 3rd tries for Home, SAFE, throw by LF to home
Batting: RHB Eric Lewis 0-0: Called Strike
0-1: Foul Ball, location: 9LDF
0-2: Fly out, F9 (Flyball, 9LS, EV 89.4 MPH)
Bottom of the 1st over - 1 run, 3 hits, 0 errors, 2 left on base; New York 0 - Houston 1
TOP OF THE 2ND
New York Yankees batting - Pitching for Houston Astros : RHP Carlos Hernandez
Batting: RHB Ricky Guzman 0-0: Ball
1-0: Ground out 2-3 (Groundball, 2R, EV 75.6 MPH)
Batting: RHB Ha-seong Kim 0-0: Called Strike
0-1: DOUBLE (Line Drive, 78D, EV 102.5 MPH)
Batting: RHB Jaime Anderson 0-0: Swinging Strike
0-1: Called Strike
0-2: Foul Ball, location: 9LSF
0-2: Strikes out swinging
Batting: LHB Pete Crow-Armstrong 0-0: Called Strike
0-1: Ground out 6-3 (Groundball, 6M, EV 91.9 MPH)
Top of the 2nd over - 0 runs, 1 hit, 0 errors, 1 left on base; New York 0 - Houston 1
BOTTOM OF THE 2ND
Houston Astros batting - Pitching for New York Yankees : RHP Bryce Jarvis
Batting: LHB Austin Meadows 0-0: Foul Ball, location: 3FF
0-1: Foul Ball, location: 9LMFF
0-2: Ball
1-2: Ball
2-2: Foul Ball, location: 2F
2-2: Fly out, F7 (Flyball, 78M, EV 91.3 MPH)
Batting: LHB Eddie Cacho 0-0: Ball
1-0: Fly out, F5 (Line Drive, 5L, EV 68.1 MPH)
Batting: SHB Steve Robinson 0-0: Ball
1-0: SOLO HOME RUN (Flyball, 8RXD, EV 110.6 MPH), Distance : 438 ft
Batting: SHB Sergio Herrera 0-0: Called Strike
0-1: Foul Ball, location: 9LMFF
0-2: Fly out, F8 (Flyball, 8RS, EV 95.0 MPH)
Bottom of the 2nd over - 1 run, 1 hit, 0 errors, 0 left on base; New York 0 - Houston 2
TOP OF THE 3RD
New York Yankees batting - Pitching for Houston Astros : RHP Carlos Hernandez
Batting: RHB Noelvi Marte 0-0: Called Strike
0-1: Swinging Strike
0-2: Ball
1-2: Foul Ball, location: 2F
1-2: Ball
2-2: Strikes out swinging
Batting: RHB Spencer Torkelson 0-0: Swinging Strike
0-1: Ball
1-1: Ball
2-1: Fly out, F7 (Flyball, 7S, EV 81.9 MPH)
Batting: LHB Juan Contreras 0-0: Ball
1-0: Foul Ball, location: 25F
1-1: Foul Ball, location: 25F
1-2: Strikes out swinging
Top of the 3rd over - 0 runs, 0 hits, 0 errors, 0 left on base; New York 0 - Houston 2
BOTTOM OF THE 3RD
Houston Astros batting - Pitching for New York Yankees : RHP Bryce Jarvis
Batting: SHB Willi Castro 0-0: Called Strike
0-1: Called Strike
0-2: Ground out 6-3 (Groundball, 6S, EV 81.9 MPH)
Batting: LHB Nate Mattero 0-0: Swinging Strike
0-1: Ground out 4-3 (Groundball, 34, EV 86.3 MPH)
Batting: RHB Alex Bregman 0-0: Ground out 4-3 (Groundball, 4M, EV 82.5 MPH)
Bottom of the 3rd over - 0 runs, 0 hits, 0 errors, 0 left on base; New York 0 - Houston 2
TOP OF THE 4TH
New York Yankees batting - Pitching for Houston Astros : RHP Carlos Hernandez
Batting: RHB Curt Pugh 0-0: Called Strike
0-1: Ball
1-1: Foul Ball, location: 7LMF
1-2: Ball
2-2: Fly out, F7 (Flyball, 7S, EV 86.9 MPH)
Batting: SHB Eric Bair 0-0: Ball
1-0: Ball
2-0: SOLO HOME RUN (Flyball, 8RXD, EV 108.1 MPH), Distance : 415 ft
Batting: RHB Ricky Guzman 0-0: Called Strike
0-1: Swinging Strike
0-2: Ball
1-2: Foul Ball, location: 9LDF
1-2: Foul Ball, location: 2F
1-2: Strikes out swinging
Batting: RHB Ha-seong Kim 0-0: Ball
1-0: Fly out, F3 (Popup, 3S, EV 76.9 MPH)
Top of the 4th over - 1 run, 1 hit, 0 errors, 0 left on base; New York 1 - Houston 2
BOTTOM OF THE 4TH
Houston Astros batting - Pitching for New York Yankees : RHP Bryce Jarvis
Batting: LHB Alex Gutierrez 0-0: Called Strike
0-1: Ball
1-1: Foul Ball, location: 2RF
1-2: Foul Ball, location: 5F
1-2: Strikes out looking
Batting: RHB Eric Lewis 0-0: Called Strike
0-1: Called Strike
0-2: Ball
1-2: Ball
2-2: SINGLE (Groundball, 34D, EV 94.4 MPH)
Batting: LHB Austin Meadows 0-0: Ball
1-0: Ball
2-0: Called Strike
2-1: Ball
3-1: Swinging Strike
Balk!
Eric Lewis to second
3-2: Base on Balls
Batting: LHB Eddie Cacho 0-0: Foul Ball, location: 25F
0-1: Ball
1-1: Ball
2-1: Ball
3-1: Base on Balls
Eric Lewis to third
Austin Meadows to second
Batting: SHB Steve Robinson 0-0: Called Strike
0-1: Ball
1-1: Grounds into double play, 6-4-3 (Groundball, 6MD, EV 99.4 MPH)
Bottom of the 4th over - 0 runs, 1 hit, 0 errors, 2 left on base; New York 1 - Houston 2
TOP OF THE 5TH
New York Yankees batting - Pitching for Houston Astros : RHP Carlos Hernandez
Batting: RHB Jaime Anderson 0-0: Ball
1-0: Ball
2-0: Called Strike
2-1: Ball
3-1: Foul Ball, location: 25F
3-2: Foul Ball, location: 2F
3-2: Base on Balls
Batting: LHB Pete Crow-Armstrong 0-0: Sac Bunt to 25 - play at first, batter safe!
Jaime Anderson to second
Batting: RHB Noelvi Marte 0-0: Called Strike
0-1: Bunt missed!
0-2: Ball
1-2: Ball
2-2: Ball
3-2: SINGLE (Line Drive, 34, EV 95.0 MPH)
Jaime Anderson to third
Pete Crow-Armstrong to second
Batting: RHB Spencer Torkelson 0-0: Called Strike
0-1: Ball
1-1: Called Strike
1-2: Strikes out swinging
Batting: LHB Juan Contreras 0-0: Ball
1-0: Swinging Strike
1-1: Ball
2-1: Swinging Strike
2-2: DOUBLE (Line Drive, 7LS, EV 105.6 MPH)
Jaime Anderson scores
Pete Crow-Armstrong scores
Noelvi Marte to third
Runner from 3rd tries for Home, SAFE, no throw by LF
Batting: RHB Curt Pugh 0-0: Fly out, F9 (Line Drive, 9, EV 87.5 MPH)
Batting: SHB Eric Bair 0-0: Ball
1-0: Swinging Strike
1-1: SINGLE (Flyball, 6D, EV 94.4 MPH)
Juan Contreras to third
Runner from 3rd tries for Home, throw by CF and OUT! 8-2
Top of the 5th over - 3 runs, 4 hits, 0 errors, 1 left on base; New York 4 - Houston 2
BOTTOM OF THE 5TH
Houston Astros batting - Pitching for New York Yankees : RHP Bryce Jarvis
Batting: SHB Sergio Herrera 0-0: Ball
1-0: Ball
2-0: Foul Ball, location: 7LDF
2-1: Ground out 4-3 (Groundball, 4, EV 84.4 MPH)
Batting: SHB Willi Castro 0-0: Ball
1-0: Swinging Strike
1-1: Ball
2-1: Swinging Strike
2-2: Strikes out swinging
Batting: LHB Nate Mattero 0-0: Swinging Strike
0-1: Called Strike
0-2: Ball
1-2: Ball
2-2: Ball
3-2: Foul Ball, location: 7LSF
3-2: Strikes out swinging
Bottom of the 5th over - 0 runs, 0 hits, 0 errors, 0 left on base; New York 4 - Houston 2
TOP OF THE 6TH
New York Yankees batting - Pitching for Houston Astros : RHP Carlos Hernandez
Batting: RHB Ricky Guzman 0-0: Ball
1-0: Swinging Strike
1-1: Foul Ball, location: 9LDF
1-2: Ball
2-2: Ball
3-2: SINGLE (Line Drive, 4D, EV 100.0 MPH)
Batting: RHB Ha-seong Kim 0-0: Ball
1-0: Sac Bunt to 25 - play at first, batter OUT! 5-3
Ricky Guzman to second
Batting: RHB Jaime Anderson 0-0: Ball
1-0: Ball
2-0: Called Strike
2-1: SINGLE (Groundball, 4MD, EV 95.0 MPH)
Ricky Guzman to third
Runner from 3rd tries for Home, SAFE, throw by CF to home
Pitching: RHP Mike Cox
Batting: LHB Pete Crow-Armstrong 0-0: Ball
1-0: Called Strike
1-1: Ball
2-1: Swinging Strike
2-2: Ball
3-2: Base on Balls
Jaime Anderson to second
Batting: RHB Noelvi Marte 0-0: Fielders Choice at 2nd, 6-4 (Groundball, 6, EV 81.3 MPH)
Jaime Anderson to third
Batting: RHB Spencer Torkelson 0-0: Swinging Strike
0-1: Ball
1-1: Ball
2-1: Called Strike
2-2: Foul Ball, location: 7LMF
2-2: Ball
3-2: Ground out 5-3 (Groundball, 56, EV 81.3 MPH)
Top of the 6th over - 1 run, 2 hits, 0 errors, 2 left on base; New York 5 - Houston 2
BOTTOM OF THE 6TH
Houston Astros batting - Pitching for New York Yankees : RHP Bryce Jarvis
Pitching: RHP Kevin Clark
Batting: RHB Alex Bregman 0-0: Swinging Strike
0-1: Ball
1-1: Ground out 5-3 (Groundball, 56, EV 110.6 MPH)
Batting: LHB Alex Gutierrez 0-0: Called Strike
0-1: Swinging Strike
0-2: Ball
1-2: Strikes out swinging
Batting: RHB Eric Lewis 0-0: Ball
1-0: Fly out, F9 (Flyball, 9D, EV 95.0 MPH)
Bottom of the 6th over - 0 runs, 0 hits, 0 errors, 0 left on base; New York 5 - Houston 2
TOP OF THE 7TH
New York Yankees batting - Pitching for Houston Astros : RHP Mike Cox
Batting: LHB Juan Contreras 0-0: Ground out 6-3 (Groundball, 56, EV 110.6 MPH)
Batting: RHB Curt Pugh 0-0: Called Strike
0-1: Ball
1-1: DOUBLE (Flyball, 89XD, EV 90.0 MPH)
Batting: SHB Eric Bair 0-0: Called Strike
0-1: Ball
1-1: Ball
2-1: DOUBLE (Flyball, 8LXD, EV 106.3 MPH)
Curt Pugh scores
Batting: RHB Ricky Guzman 0-0: Ball
1-0: Ground out 5-3 (Groundball, 56S, EV 82.5 MPH)
Batting: RHB Ha-seong Kim 0-0: Called Strike
0-1: Ball
1-1: Swinging Strike
1-2: Foul Ball, location: 23F
1-2: Strikes out looking
Top of the 7th over - 1 run, 2 hits, 0 errors, 1 left on base; New York 6 - Houston 2
BOTTOM OF THE 7TH
Houston Astros batting - Pitching for New York Yankees : RHP Kevin Clark
Batting: LHB Austin Meadows 0-0: Ball
1-0: Ground out U3 (Groundball, 34, EV 102.5 MPH)
Batting: LHB Eddie Cacho 0-0: Called Strike
0-1: Ball
1-1: SINGLE (Flyball, 5D, EV 88.1 MPH)
Batting: SHB Steve Robinson 0-0: Swinging Strike
0-1: Ball
Eddie Cacho steals 2nd base (no throw)
1-1: Ball
2-1: Fly out, F8 (Flyball, 8LM, EV 86.9 MPH)
Batting: SHB Sergio Herrera 0-0: Swinging Strike
0-1: Ball
1-1: Ball
2-1: Foul Ball, location: 2F
2-2: Strikes out swinging
Bottom of the 7th over - 0 runs, 1 hit, 0 errors, 1 left on base; New York 6 - Houston 2
TOP OF THE 8TH
New York Yankees batting - Pitching for Houston Astros : RHP Mike Cox
Pitching: RHP Mike McCoy
Batting: RHB Jaime Anderson 0-0: Called Strike
0-1: Called Strike
0-2: Strikes out swinging
Batting: LHB Pete Crow-Armstrong 0-0: Ball
1-0: Called Strike
1-1: Foul Ball, location: 25F
1-2: Strikes out swinging
Batting: RHB Noelvi Marte 0-0: Ball
1-0: Ball
2-0: Called Strike
2-1: Ball
3-1: Fly out, F8 (Flyball, 8LD, EV 95.0 MPH)
Top of the 8th over - 0 runs, 0 hits, 0 errors, 0 left on base; New York 6 - Houston 2
BOTTOM OF THE 8TH
Houston Astros batting - Pitching for New York Yankees : RHP Kevin Clark
Pitching: RHP Jeremiah Trice
Batting: SHB Willi Castro 0-0: Ball
1-0: Ball
2-0: Foul Ball, location: 7LSF
2-1: Ball
3-1: Base on Balls
Batting: LHB Nate Mattero 0-0: Ball
1-0: Fly out, F8 (Flyball, 89M, EV 91.3 MPH)
Batting: RHB Alex Bregman 0-0: Ball
1-0: Ball
2-0: Ball
3-0: Called Strike
3-1: Foul Ball, location: 9LDF
3-2: Ground out 6-3 (Groundball, 6, EV 105.6 MPH)
Willi Castro to second
Batting: LHB Alex Gutierrez 0-0: Ground out 4-3 (Groundball, 4, EV 85.6 MPH)
Bottom of the 8th over - 0 runs, 0 hits, 0 errors, 1 left on base; New York 6 - Houston 2
TOP OF THE 9TH
New York Yankees batting - Pitching for Houston Astros : RHP Mike McCoy
Batting: RHB Spencer Torkelson 0-0: Swinging Strike
0-1: Ball
1-1: Foul Ball, location: 2RF
1-2: Foul Ball, location: 2F
1-2: Strikes out looking
Batting: LHB Juan Contreras 0-0: Ball
1-0: Fly out, F4 (Line Drive, 4, EV 64.4 MPH)
Batting: RHB Curt Pugh 0-0: Swinging Strike
0-1: Foul Ball, location: 2F
0-2: Ball
1-2: Ball
2-2: Foul Ball, location: 25F
2-2: Foul Ball, location: 9LSF
2-2: Foul Ball, location: 2F
2-2: Ball
3-2: Foul Ball, location: 5FF
3-2: Base on Balls
Pitching: LHP Jeremy Wilson
Batting: SHB Eric Bair 0-0: Ball
1-0: Swinging Strike
1-1: Ball
2-1: Fly out, F9 (Flyball, 9, EV 92.5 MPH)
Top of the 9th over - 0 runs, 0 hits, 0 errors, 1 left on base; New York 6 - Houston 2
BOTTOM OF THE 9TH
Houston Astros batting - Pitching for New York Yankees : RHP Jeremiah Trice
Batting: RHB Eric Lewis 0-0: Called Strike
0-1: Ball
1-1: Ball
2-1: Foul Ball, location: 9LMF
2-2: Ball
3-2: Foul Ball, location: 7LSF
3-2: Foul Ball, location: 3F
3-2: Foul Ball, location: 9LSF
3-2: Fly out, F9 (Line Drive, 9S, EV 91.3 MPH)
Batting: LHB Austin Meadows 0-0: Foul Ball, location: 23FF
0-1: Swinging Strike
0-2: Strikes out swinging
Batting: LHB Eddie Cacho 0-0: Ball
1-0: Swinging Strike
1-1: Ball
2-1: Fly out, F8 (Flyball, 8RD, EV 104.4 MPH)
Bottom of the 9th over - 0 runs, 0 hits, 0 errors, 0 left on base; New York 6 - Houston 2
Wednesday, March 20th , 2024 - OOTP Baseball 24.7 Build 72